 Dungeon Crawl Stone Soup version 0.19-a0-1513-gf6d23ed (webtiles) character file.

140 TheGoonsmith the Sneak (level 5, 0/24 HPs)
             Began as a Vine Stalker Enchanter on Sept 12, 2016.
             Slain by a giant frog (3 damage)
             ... on level 4 of the Dungeon.
             The game lasted 00:07:21 (2612 turns).

TheGoonsmith the Sneak (Vine Stalker Enchanter)     Turns: 2612, Time: 00:07:22

Health: 0/24       AC:  6    Str: 11    XL:     5   Next: 22%
Magic:  0/9        EV: 11    Int: 15    God:
Gold:   120        SH:  4    Dex: 15    Spells: 2 memorised, 2 levels left

rFire  . . .     SeeInvis .     a - +2 dagger
rCold  . . .     Gourm    .     b - +1 robe
rNeg   + . .     Faith    .     u - +1 buckler
rPois  .         Spirit   +     (no helmet)
rElec  .         Dismiss  .     (no cloak)
rCorr  .         Reflect  .     f - +2 pair of gloves
MR     .....     Harm     .     (no boots)
Stlth  +++.......               (no amulet)
                                (no ring)
                                v - ring of positive energy

@: no status effects
A: fangs 2, regeneration 1, magic shield, antimagic bite, no device heal 3, rot
immunity
a: no special abilities


You were on level 4 of the Dungeon.
You were hungry.

You visited 1 branch of the dungeon, and saw 5 of its levels.

You collected 120 gold pieces.

Inventory:

Hand Weapons
 a - a +2 dagger (weapon)
 s - a +0 blowgun
Missiles
 n - 5 curare-tipped needles
 q - 18 poisoned needles
Armour
 b - a +1 robe (worn)
 f - a +2 pair of gloves (worn)
 u - a +1 buckler (worn)
Jewellery
 v - a ring of positive energy (left hand)
Wands
 x - a wand of paralysis (3/24)
Scrolls
 h - 3 scrolls of remove curse
 r - a scroll of identify
Potions
 e - a potion of lignification
 k - a potion of haste
 m - a potion of ambrosia
 p - a potion of cancellation
 t - a potion of resistance {unknown}
 z - a potion of degeneration {unknown}
Books
 c - a book of Maledictions

   Spells                             Type                      Level
   a - Corona                         Hexes                        1
   b - Ensorcelled Hibernation        Hexes/Ice                    2
   c - Confuse                        Hexes                        3
   d - Tukima's Dance                 Hexes                        3
   e - Dazzling Spray                 Conjuration/Hexes            3
Comestibles
 d - 2 bread rations
 j - a meat ration


   Skills:
 * Level 3.6 Short Blades
 - Level 1.5 Dodging
 + Level 5.2 Stealth
 * Level 0.0 Shields
 - Level 2.1 Spellcasting
 - Level 3.0 Hexes


You had 2 spell levels left.
You knew the following spells:

 Your Spells              Type           Power        Failure   Level  Hunger
b - Tukima's Dance        Hex            ##......     34%         3    ###....
c - Confuse               Hex            ##......     34%         3    ###....


Dungeon Overview and Level Annotations

Branches:
Dungeon (5/15)
 Temple: D:4-7

Altars:


Innate Abilities, Weirdness & Mutations

You have extremely sharp teeth.
Your natural rate of healing is unusually fast.
When hurt, damage is shared between your health and your magic reserves.
Your bite disrupts and absorbs the magic of your enemies.
Potions and wands cannot restore your health.
You are immune to rotting.


Message History

You block the giant frog's attack. The giant frog hits you.
The giant frog hits you.
* * * LOW HITPOINT WARNING * * *
The giant frog barely misses you.
There is a stone staircase leading up here.
The giant frog hits you.
* * * LOW HITPOINT WARNING * * *
You climb upwards.
There is a stone staircase leading down here.
You completely miss the giant frog. Your bite misses the giant frog.
The giant frog is heavily wounded.
The giant frog hits you.
* * * LOW HITPOINT WARNING * * *
The giant frog completely misses you.
You hit the giant frog.
You bite the giant frog, but do no damage.
The giant frog is severely wounded.
The giant frog hits you.
You die...

***#......## **,,,,,,,,,,,,
***###.##..## ***,***,,**,,
,,*,...###..## *,**,,****,
,,.....#*##..## *###.,,,** *,
........* ##..######....,,,* *,
........#####........##.,*,*****,
........................,,,,,,,,,
.......#########....###,,,,,,,,,,
,,,,,,,* #@#### **,**,***,,
**,***,* *#F# *,**,***,, *,* *,*
**..# *,**,,,,,, *,* *,* *..##
*,***,,,,, *,***,* #.#*
**,,,,,**,, *,,**,* #?*
*,,,,****,, **,,*,* ***#.*
**,*,,**,,,, **,*,* **,,.,*
*,,**,**,**, *,,,*
*,,**********,***,,,,,,,


You could see a giant frog.

Vanquished Creatures
  3 adders
  8 worms
  2 dart slugs (D:1)
  5 giant geckos
  An orc (D:3)
  4 ball pythons
  5 giant cockroaches
  7 goblins
  8 hobgoblins
  3 jackals (D:1)
  9 bats
  11 giant newts
  6 kobolds
  11 rats
83 creatures vanquished.

Notes
Turn   | Place    | Note
-------+----------+-------------------------------------------
     0 | D:1      | TheGoonsmith the Vine Stalker Enchanter began the quest for the Orb.
     0 | D:1      | Reached XP level 1. HP: 9/9 MP: 4/4
    21 | D:1      | Reached skill level 1 in Short Blades
    73 | D:1      | Reached XP level 2. HP: 13/13 MP: 6/6
   152 | D:1      | Reached skill level 4 in Stealth
   249 | D:1      | Reached XP level 3. HP: 11/16 MP: 4/7
   504 | D:1      | Learned a level 3 spell: Tukima's Dance
  1324 | D:2      | Gained mutation: Your natural rate of healing is unusually fast. [Vine Stalker growth]
  1324 | D:2      | Reached XP level 4. HP: 20/21 MP: 8/8
  1946 | D:3      | Reached XP level 5. HP: 22/24 MP: 9/9
  2079 | D:3      | Reached skill level 5 in Stealth
  2093 | D:3      | Paralysed by a goblin for 5 turns
  2481 | D:4      | Learned a level 3 spell: Confuse
  2498 | D:5      | Entered Level 5 of the Dungeon
  2554 | D:5      | Noticed an ogre
  2612 | D:4      | Slain by a giant frog

Vault maps used:
D:1:      dpeg_arrival_windows_large_door, minmay_newt_pond
D:4:      first_bread, amethyst_killhole, serial_bayou_lagoon_a
D:5:      serial_shops, nicolae_shop_trees

Skill      XL: |  1  2  3  4  5 |
---------------+----------------+-----
Short Blades   | 1 2 3 |  3.6
Stealth        | 4 5 |  5.2
Dodging        | |  1.5
Spellcasting   | |  2.1
Hexes          | |  3.0

Action                   |  1- 3 |  4- 6 || total
-------------------------+-------+-------++-------
Melee: Dagger            |   160 |   175 ||   335
       Bite              |    31 |    43 ||    74
  Use: Scroll            |       |    11 ||    11
 Stab: Sleeping          |     9 |     6 ||    15
       Distracted        |       |     1 ||     1
  Eat: Chunk             |     1 |     4 ||     5
Armor: Robe              |    41 |    52 ||    93
Dodge: Dodged            |    93 |    94 ||   187
Block: Buckler           |       |     8 ||     8
